 Dungeon Crawl Stone Soup version 0.19.5 (webtiles) character file.

1939 Monsterracer the Destroyer (level 8, -1/72 HPs)
             Began as a Deep Elf Conjurer on Aug 11, 2017.
             Was an Initiate of Vehumet.
             Slain by Monsterracer's ghost (14 damage)
             ... on level 7 of the Dungeon.
             The game lasted 00:17:17 (7373 turns).

Monsterracer the Destroyer (Deep Elf Conjurer)      Turns: 7373, Time: 00:17:18

Health: -1/72      AC: 24    Str:  5    XL:     8   Next: 97%
Magic:  11/21      EV:  2    Int: 23    God:    Vehumet [......]
Gold:   323        SH:  0    Dex: 15    Spells: 4 memorised, 10 levels left

rFire  + . .     SeeInvis .     l - +4 dagger
rCold  . . .     Gourm    .     (armour currently unavailable)
rNeg   + + +     Faith    .     (no shield)
rPois  +         Spirit   .     (helmet currently unavailable)
rElec  .         Reflect  .     (cloak currently unavailable)
rCorr  .         Harm     .     (gloves currently unavailable)
MR     .....     NoTele   +     (boots currently unavailable)
Stlth  ++........               (no amulet)
                                i - ring of protection from fire
                                d - +2 ring of evasion

@: tree-form
A: (slimy green scales 0), robust 1
a: Renounce Religion


You were on level 7 of the Dungeon.
You worshipped Vehumet.
Vehumet was noncommittal.
You were hungry.
You were a tree.
You visited 2 branches of the dungeon, and saw 8 of its levels.

You collected 323 gold pieces.

Inventory:

Hand Weapons
 l - a +4 dagger (weapon)
Armour
 e - a +0 cloak (melded)
 j - a +0 pair of gloves (melded)
 q - a +2 robe of cold resistance (melded)
 v - a +0 buckler
 w - a +0 helmet (melded)
Jewellery
 d - a +2 ring of evasion (left branch)
 i - a ring of protection from fire (right branch)
 k - an uncursed ring of flight
Wands
 p - a wand of acid (5/15)
Scrolls
 n - a scroll of remove curse
 x - a scroll of magic mapping
Potions
 a - 2 potions of curing
 f - a potion of magic
 g - a potion of agility
 m - a potion of mutation {unknown}
 o - a potion of invisibility {unknown}
 s - a potion of brilliance {unknown}
Books
 b - a book of Conjurations

   Spells                             Type                      Level
   a - Magic Dart                     Conjuration                  1
   b - Searing Ray                    Conjuration                  2
   c - Dazzling Spray                 Conjuration/Hexes            3
   d - Fulminant Prism                Conjuration/Hexes            4
   e - Iskenderun's Mystic Blast      Conjuration                  4
   f - Iskenderun's Battlesphere      Conjuration/Charms           5
Comestibles
 c - 2 bread rations
 h - a meat ration
 r - 9 chunks of flesh
 u - a royal jelly


   Skills:
 + Level 2.3 Fighting
 + Level 4.4 Dodging
 - Level 2.4 Stealth
 + Level 7.6 Spellcasting
 * Level 9.2 Conjurations
 - Level 3.0 Hexes
 + Level 7.1 Charms


You had 10 spell levels left.
You knew the following spells:

 Your Spells              Type           Power        Failure   Level  Hunger
a - Magic Dart            Conj           ####         1%          1    None
b - Searing Ray           Conj           ######       1%          2    None
c - Fulminant Prism       Conj/Hex       #####.....   8%          4    ###....
d - Iskenderun's Battles  Conj/Chrm      #####...     10%         5    #####..


Dungeon Overview and Level Annotations

Branches:
Dungeon (7/15)             Temple (1/1) D:4

Altars:
Cheibriados
Dithmenos
Elyvilon
Fedhas
Gozag
Hepliaklqana
Makhleb
Nemelex Xobeh
Okawaru
Qazlal
Ru
Trog
Uskayaw
Vehumet
Xom
Yredelemnul
Zin
The Shining One

Shops:
D:4 *

Annotations:
D:7 Monsterracer's ghost, novice OgHu


Innate Abilities, Weirdness & Mutations

((You are partially covered in slimy green scales. (AC +2)))
You are robust. (+10% HP)


Message History

Aiming: Searing Ray
Press: ? - help, Shift-Dir - straight line, f/p - Monsterracer's ghost
Aim: Monsterracer's ghost (lightly damaged)
Okay, then.
Casting: Searing Ray
Confirm with . or Enter, or press ? or * to list all spells.
Okay, then.
Casting: Searing Ray
Confirm with . or Enter, or press ? or * to list all spells.
Aiming: Searing Ray
Press: ? - help, Shift-Dir - straight line, f/p - Monsterracer's ghost
Aim: Monsterracer's ghost (lightly damaged)
The searing ray hits Monsterracer's ghost.
Monsterracer's ghost is lightly damaged. (Press . to maintain the ray.)
Your battlesphere fires!
The barrage of energy hits Monsterracer's ghost.
Monsterracer's ghost is moderately damaged.
Monsterracer's ghost hits you!
You die...

............##..# ...#
............ #..###>..#
...........# #...#...#
...........###.......#
..........###.......#
...........#[.......###
.......<.##)[[.*.......
.........###W..........
.........# ##♣..#..####
........## #...##.#
.......## ....# ..#
....... #....# .#
......# .....# ..
...... ....... ..
........ ##....._..


You could see Monsterracer's ghost and a friendly battlesphere.

Vanquished Creatures
  Pikel (D:7)
  Duvessa (D:4)
  A phantom (D:4)
  A sky beast (D:6)
  4 slaves (D:7)
  An ice beast (D:5)
  An ogre (D:6)
  A centaur (D:5)
  A bullfrog (D:7)
  Dowan (D:4)
  3 crimson imps
  2 howler monkeys
  A centaur skeleton (D:4)
  3 orc priests (D:4)
  A hound (D:5)
  A jelly (D:6)
  Ijyb (D:3)
  2 iguanas
  4 orc wizards
  3 worker ants
  6 adders
  3 gnolls (D:3)
  An ooze (D:3)
  4 worms
  4 dart slugs
  A leopard gecko (D:5)
  17 orcs
  2 ball pythons (D:1)
  5 giant cockroaches
  11 goblins
  9 hobgoblins
  13 jackals
  10 kobolds
  4 quokkas
  11 bats
  5 frilled lizards
  A leopard gecko skeleton (D:4)
  9 rats
150 creatures vanquished.

Vanquished Creatures (others)
  5 fulminant prisms
5 creatures vanquished.

Grand Total: 155 creatures vanquished

Notes
Turn   | Place    | Note
-------+----------+-------------------------------------------
     0 | D:1      | Monsterracer the Deep Elf Conjurer began the quest for the Orb.
     0 | D:1      | Reached XP level 1. HP: 10/10 MP: 6/6
    80 | D:1      | HP: 4/10 [hobgoblin/club (6)]
   375 | D:1      | Reached XP level 2. HP: 12/15 MP: 8/8
   466 | D:1      | Learned a level 2 spell: Searing Ray
   734 | D:1      | Reached skill level 5 in Conjurations
  1286 | D:1      | Reached XP level 3. HP: 19/19 MP: 8/10
  1985 | D:2      | Reached XP level 4. HP: 24/24 MP: 10/12
  2603 | D:3      | Learned a level 4 spell: Fulminant Prism
  2879 | D:3      | Found a hazy altar of Hepliaklqana.
  2890 | D:3      | Reached skill level 6 in Conjurations
  3189 | D:3      | Reached XP level 5. HP: 20/28 MP: 5/14
  3334 | D:3      | Reached skill level 5 in Spellcasting
  3373 | D:3      | Learned a level 5 spell: Iskenderun's Battlesphere
  3441 | D:3      | Reached skill level 1 in Charms
  3741 | D:3      | Noticed Ijyb
  3750 | D:3      | Killed Ijyb
  3910 | D:4      | Noticed a phantom
  3916 | D:4      | Reached XP level 6. HP: 32/32 MP: 6/16
  3917 | D:4      | HP: 14/32 [phantom (8)]
  3921 | D:3      | HP: 6/32 [adder (1)]
  3927 | D:3      | HP: 7/48 [poisoned by an adder]
  3935 | D:3      | HP: 5/48 [poisoned by an adder]
  3943 | D:3      | HP: 5/48 [poisoned by an adder]
  4091 | D:3      | HP: 8/32 [gnoll/flail (9)]
  4341 | D:4      | Reached skill level 7 in Conjurations
  4344 | D:4      | Noticed Dowan
  4345 | D:4      | Noticed Duvessa
  4514 | D:4      | Killed Dowan
  4590 | D:4      | Killed Duvessa
  4590 | D:4      | Reached skill level 1 in Hexes
  4590 | D:4      | Reached skill level 5 in Charms
  4590 | D:4      | Reached XP level 7. HP: 24/36 MP: 5/18
  4857 | D:4      | Found Gozag's Platinum Reserve.
  4861 | D:4      | Found an opulent altar of Gozag.
  5211 | D:4      | Found a staircase to the Ecumenical Temple.
  5229 | Temple   | Entered the Ecumenical Temple
  5248 | Temple   | Became a worshipper of Vehumet
  5833 | D:5      | Entered Level 5 of the Dungeon
  5923 | D:5      | Reached skill level 8 in Conjurations
  6128 | D:5      | Reached XP level 8. HP: 42/42 MP: 14/19
  6237 | D:5      | Reached skill level 1 in Fighting
  6556 | D:5      | Found a sparkling altar of Nemelex Xobeh.
  6831 | D:6      | Gained mutation: You are partially covered in slimy green scales. (AC +2) [mutagenic meat]
  6832 | D:6      | Gained mutation: You are robust. (+10% HP) [mutagenic meat]
  7185 | D:7      | Noticed Pikel
  7195 | D:7      | Killed Pikel
  7195 | D:7      | Reached skill level 9 in Conjurations
  7228 | D:7      | Noticed Monsterracer's ghost (novice OgHu)
  7368 | D:7      | Found an iron altar of Okawaru.
  7371 | D:7      | HP: 15/48 [Monsterracer's ghost (33)]
  7373 | D:7      | Slain by Monsterracer's ghost

Skill      XL: |  1  2  3  4  5  6  7  8 |
---------------+-------------------------+-----
Conjurations   | 5 6 7 8 9 |  9.2
Spellcasting   | 4 5 6 7 |  7.6
Charms         | 3 5 7 |  7.1
Hexes          | 1 3 |  3.0
Fighting       | 2 |  2.3
Dodging        | 4 |  4.4
Stealth        | |  2.4

Action                   |  1- 3 |  4- 6 |  7- 9 || total
-------------------------+-------+-------+-------++-------
Melee: Spear             |    16 |     1 |       ||    17
       Falchion          |       |     8 |       ||     8
       Dagger            |       |    14 |    44 ||    58
 Cast: Magic Dart        |    62 |    78 |    29 ||   169
       Searing Ray       |     5 |    18 |    30 ||    53
       Fulminant Prism   |       |     3 |     2 ||     5
       Iskenderun's Batt |       |     2 |     2 ||     4
  Use: Scroll            |       |     9 |     5 ||    14
       Potion            |       |     1 |     1 ||     2
 Stab: Sleeping          |     1 |     1 |     4 ||     6
  Eat: Chunk             |     3 |     9 |     9 ||    21
       Beef jerky        |       |       |     1 ||     1
Armor: Robe              |     6 |     7 |    18 ||    31
       Skin              |       |    10 |       ||    10
Dodge: Dodged            |    17 |    28 |    41 ||    86
       Rpst.: Falchion   |       |     2 |       ||     2
